 Dungeon Crawl Stone Soup version 0.30-a0-824-g6c64550be9 (webtiles) character file.

Game seed: 6378812091017700828

39 jimonade the Grasshopper (level 3, -2/36 HPs)
             Began as an Ogre Warper on Feb 27, 2023.
             Was an Initiate of Okawaru.
             Succumbed to an adder's poison
             ... on level 2 of the Dungeon.
             The game lasted 00:02:42 (1649 turns).

jimonade the Grasshopper (Ogre Warper)              Turns: 1649, Time: 00:02:42

Health: -2/36      AC:  3    Str: 15    XL:     3   Next: 47%
Magic:  7/7        EV: 10    Int: 14    God:    Okawaru [......]
Gold:   51         SH:  0    Dex: 10    Spells: 3/7 levels left

rFire   . . .      SeeInvis .    a - +0 mace
rCold   . . .      Faith    .    (no shield)
rNeg    . . .      Spirit   .    b - +0 robe
rPois   .          Reflect  .    (helmet restricted)
rElec   .          Harm     .    (no cloak)
rCorr   .          Rampage  .    (gloves unavailable)
Will    .....                    (boots unavailable)
Stlth   +                        (no amulet)
HPRegen 0.26/turn                (no ring)
MPRegen 0.10/turn                (no ring)

@: lethally poisoned (-2 -> -9)
A: large, unfitting armour, tough skin 1
a: Renounce Religion


You were on level 2 of the Dungeon.
You worshipped Okawaru.
Okawaru was noncommittal.
You visited 1 branch of the dungeon, and saw 2 of its levels.

You collected 51 gold pieces.

Inventory:

Hand Weapons
 a - a +0 mace (weapon)
Missiles
 d - 7 boomerangs of dispersal (quivered)
 i - 5 stones
Armour
 b - a +0 robe (worn)
Scrolls
 c - a scroll of blinking
 g - a scroll of silence {unknown}
 k - a scroll of identify {unknown}
 l - a scroll of torment {unknown}
 m - a scroll of enchant weapon {unknown}
Potions
 e - 3 potions of curing {unknown}
 f - 2 potions of might {unknown}
 h - 2 potions of mutation {unknown}
 j - a potion of berserk rage {unknown}


   Skills:
 + Level 2.9 Fighting
 + Level 2.0 Maces & Flails
 + Level 1.0 Throwing
 + Level 2.4 Dodging
 * Level 2.8 Spellcasting
 * Level 3.3 Translocations


You had 3 spell levels left.
You knew the following spells:

 Your Spells              Type           Power      Damage    Failure   Level
a - Blink                 Tloc           22%        N/A       9%          2
b - Lesser Beckoning      Tloc           22%        N/A       9%          2

Your spell library contained the following spells:

 Spells                   Type           Power      Damage    Failure   Level
 Teleport Other           Tloc           11%        N/A       17%         3
 Vhi's Electric Charge    Tloc/Air       12%        N/A       32%         3
 Manifold Assault         Tloc           11%        N/A       50%         4


Dungeon Overview and Level Annotations

Branches:
Dungeon (2/15)

Altars:
Okawaru


Innate Abilities, Weirdness & Mutations

You are too large for most types of armour.
You have tough skin. (AC +1)


Message History

The adder is moderately wounded.
You feel very sick. The adder bites you.
You are more poisoned.
The adder poisons you! The adder barely misses you.
You are too injured to fight recklessly!
You are too injured to fight recklessly!
You are too injured to fight recklessly!
You closely miss the adder.
The adder is lightly wounded.
You feel very sick. The adder barely misses you. x2
You hit the adder but do no damage.
The adder is lightly wounded.
You feel very sick. The adder barely misses you.
You closely miss the adder.
The adder is lightly wounded.
You feel sick. The adder completely misses you. The adder bites you.
* * * LOW HITPOINT WARNING * * *
You are more poisoned.
The adder poisons you!
You closely miss the adder.
The adder is lightly wounded.
* * * LOW HITPOINT WARNING * * *
You feel sick. The adder barely misses you. x2
You sock the adder!
The adder is severely wounded.
* * * LOW HITPOINT WARNING * * *
You feel sick. The adder closely misses you.
You barely miss the adder.
The adder is severely wounded.
You feel sick. The adder bites you.
* * * LOW HITPOINT WARNING * * *
You are lethally poisoned!
The adder poisons you! The adder bites you.
* * * LOW HITPOINT WARNING * * *
You miss the adder.
The adder is severely wounded.
You die...

## . # #. #
#####.#####.#####
..#.
#..<.....@S......
#...
#.#####.####.##..
..## #.# #.# #.#
#.# #.# #.# ###.#


You could see an adder.

Vanquished Creatures
  4 endoplasms (D:1)
  2 giant cockroaches
  5 goblins
  3 hobgoblins (D:1)
  3 jackals (D:1)
  3 quokkas (D:1)
  4 ball pythons
  3 bats (D:1)
  A frilled lizard (D:1)
  2 kobolds (D:2)
  6 rats
36 creatures vanquished.

Notes
Turn   | Place    | Note
-------+----------+-------------------------------------------
     0 | D:1      | jimonade the Ogre Warper began the quest for the Orb.
     0 | D:1      | Reached XP level 1. HP: 22/22 MP: 3/3
    80 | D:1      | Reached skill level 3 in Translocations
   176 | D:1      | Reached XP level 2. HP: 29/29 MP: 5/5
   589 | D:1      | Reached XP level 3. HP: 31/36 MP: 7/7
  1119 | D:1      | Learned a level 2 spell: Blink
  1122 | D:1      | Learned a level 2 spell: Lesser Beckoning
  1257 | D:2      | Found an iron altar of Okawaru.
  1393 | D:2      | Became a worshipper of Warmaster Okawaru
  1648 | D:2      | HP: 1/36 [adder (3)]
  1649 | D:2      | Succumbed to an adder's poison

Illustrated notes

Levels and vault maps discovered:
D:1:      dpeg_arrival_erosion, layout_basic
D:2:      layout_loops_ring, basic_altar, kennysheep_big_empty_room

Skill      XL: |  1  2  3 |
---------------+----------+-----
Translocations | 3 |  3.3
Maces & Flails | 2 |  2.0
Fighting       | |  2.9
Throwing       | |  1.0
Dodging        | |  2.4
Spellcasting   | |  2.8

Action                     || total
---------------------------++-------
  Melee: Mace              ||   132
         Punch             ||     1
   Stab: Sleeping          ||     1
 Armour: Robe              ||    47
  Dodge: Dodged            ||    80

Table legend: (Time is in decaauts)
 A = Elapsed time spent in this place.
 B = Non-inter-level travel time spent in this place.
 C = Inter-level travel time spent in this place.
 D = Time resting spent in this place.
 E = Time spent auto-exploring this place.
 F = Levels seen in this place.
 G = Mean time per level.
                   A        B        C        D        E       F      G
               +--------+--------+--------+--------+--------+-----+--------+
         Total |   1690 |   1665 |     25 |      0 |   1239 |   2 |  845.0 |
       Dungeon |   1690 |   1665 |     25 |      0 |   1239 |   2 |  845.0 |
               +--------+--------+--------+--------+--------+-----+--------+

Top non-repeatable levels by time:
     D:1: 1187 daAuts
     D:2: 502 daAuts
